 Dungeon Crawl Stone Soup version 0.26-a0-639-g72c4674329 (webtiles) character file.

Game seed: 9661662782689699785

125 Borgoz the Skirmisher (level 5, -2/33 HPs)
             Began as a Gargoyle Berserker on Sept 18, 2020.
             Was a Believer of Trog.
             Killed from afar by an orc wizard (5 damage)
             ... with a magic dart
             ... on level 2 of the Dungeon.
             The game lasted 00:02:26 (2876 turns).

Borgoz the Skirmisher (Gargoyle Berserker)          Turns: 2876, Time: 00:02:27

Health: -2/33      AC:  6    Str: 21    XL:     5   Next: 9%
Magic:  14/14      EV: 12    Int:  7    God:    Trog [**....]
Gold:   122        SH:  0    Dex: 10    Spells: 4/4 levels left

rFire    . . .     SeeInvis .   a - +0 mace
rCold    . . .     Faith    .   (no shield)
rNeg     + . .     Spirit   .   b - +0 animal skin
rPois    ∞         Reflect  .   (no helmet)
rElec    +         Harm     .   (no cloak)
rCorr    .         Rampage  .   (no gloves)
MR       ++...                  (no boots)
Stlth    +.........             (no amulet)
HPRegen  1.11/turn              c - ring of magical power
MPRegen  0.14/turn              (no ring)

@: regenerating
A: negative energy resistance 1, electricity resistance, unbreathing,
petrification resistance, rot immunity, AC +4
a: Berserk, Trog's Hand, Renounce Religion


You were on level 2 of the Dungeon.
You worshipped Trog.
Trog was pleased with you.
You visited 1 branch of the dungeon, and saw 3 of its levels.

You collected 122 gold pieces.

Inventory:

Hand Weapons
 a - a +0 mace (weapon)
Armour
 b - a +0 animal skin (worn)
 g - a +0 ring mail
Jewellery
 c - a ring of magical power (left hand)
Scrolls
 j - a scroll of teleportation {unknown}
 l - 2 scrolls of immolation {unknown}
Potions
 d - a potion of resistance {unknown}
 e - 2 potions of curing {unknown}
 f - a potion of magic {unknown}
 h - a potion of flight {unknown}
 i - a potion of haste {unknown}
 k - 2 potions of mutation {unknown}
 m - a potion of brilliance {unknown}


   Skills:
 + Level 4.1 Fighting
 + Level 3.7 Maces & Flails
 + Level 3.3 Armour
 + Level 2.4 Dodging


You had 4 spell levels left.
You didn't know any spells.
Your spell library was empty.

Dungeon Overview and Level Annotations

Branches:
Dungeon (3/15)

Altars:
Xom

Annotations:
D:3 1 transporter


Innate Abilities, Weirdness & Mutations

You are resistant to torment.
Your stone body is resilient. (AC +4)
You are immune to poison.
You resist negative energy. (rN+)
You are resistant to electric shocks. (rElec)
You can survive without breathing.
You are immune to petrification.
You are immune to rotting.


Message History

The orc wizard is moderately wounded.
The orc wizard hits you with a +0 dagger.
* * * LOW HITPOINT WARNING * * *
The orc wizard closely misses you.
You closely miss the orc wizard.
The orc wizard is moderately wounded.
The orc wizard casts a spell at you. The magic dart hits you.
* * * LOW HITPOINT WARNING * * *
You barely miss the orc wizard.
The orc wizard is moderately wounded.
The orc wizard hits you with a +0 dagger.
* * * LOW HITPOINT WARNING * * *
Okay, then.
Okay, then.
Your skin crawls.
You feel resistant to hostile enchantments.
The orc wizard gestures at you while chanting.
The magic dart hits you.
You die...

###.#### #.....###<.†......# #.
#.# ##........###.##### ## #.#
##.#########.## #.# #.# ##...#
#.# #.# #.#..# ##.## ##'## ##...#
#...# ##...## #.### #.#.#
##...o.## #.##
##.#.######.....@.#####..#######
...#....##......[).............##
#######.†'.......................
...#....##..........###...#.##.##
#..#.######.......#.# #..##.##.#
#..#.# ##.....##.# #.....##.#
#....# ##...###.# #.###.##.#
#.#### ##'## #.# #.###.##.# #.#
#.# #.###........##


You could see an orc wizard.

Vanquished Creatures
  An orc priest (D:2)
  4 adders (D:2)
  An ooze (D:2)
  A worm (D:2)
  3 dart slugs
  2 leopard geckos (D:2)
  2 orcs (D:2)
  A goblin (D:1)
  4 hobgoblins
  5 jackals (D:2)
  4 kobolds
  2 quokkas (D:2)
  8 bats
  2 frilled lizards (D:1)
  4 rats (D:1)
44 creatures vanquished.

Notes
Turn   | Place    | Note
-------+----------+-------------------------------------------
     0 | D:1      | Borgoz the Gargoyle Berserker began the quest for the Orb.
     0 | D:1      | Reached XP level 1. HP: 14/14 MP: 1/1
   397 | D:1      | Reached XP level 2. HP: 6/19 MP: 2/2
  1134 | D:1      | Reached XP level 3. HP: 23/23 MP: 3/3
  1147 | D:1      | Reached ** piety under Trog
  1735 | D:2      | Reached XP level 4. HP: 16/29 MP: 4/4
  2191 | D:2      | Found a shimmering altar of Xom.
  2360 | D:2      | Reached skill level 4 in Fighting
  2714 | D:3      | Found a transporter.
  2870 | D:2      | Reached XP level 5. HP: 10/33 MP: 5/5
  2876 | D:2      | Killed from afar by an orc wizard

Illustrated notes

Levels and vault maps discovered:
D:1:      dpeg_arrival_rooms_b, layout_loops_ring, columned_hall_lemuel
D:2:      layout_loops_corners, lemuel_round_altar
D:3:      gammafunk_wand_slinger, layout_loops_ring, dancing_weapons_uskayaw

Skill      XL: |  1  2  3  4 |
---------------+-------------+-----
Dodging        | 2 |  2.4
Armour         | 3 |  3.3
Fighting       | 4 |  4.1
Maces & Flails | |  3.7

Action                   |  1- 3 |  4- 6 || total
-------------------------+-------+-------++-------
Melee: Mace              |    99 |    69 ||   168
Invok: Berserk           |     2 |       ||     2
       Trog's Hand       |       |     1 ||     1
 Stab: Sleeping          |       |     1 ||     1
Armor: Animal skin       |    51 |    30 ||    81
Dodge: Dodged            |    99 |    60 ||   159

Table legend: (Time is in decaauts)
 A = Elapsed time spent in this place.
 B = Non-inter-level travel time spent in this place.
 C = Inter-level travel time spent in this place.
 D = Time resting spent in this place.
 E = Time spent auto-exploring this place.
 F = Levels seen in this place.
 G = Mean time per level.
                   A        B        C        D        E       F      G
               +--------+--------+--------+--------+--------+-----+--------+
         Total |   2929 |   2884 |     45 |    932 |   1600 |   3 |  976.3 |
       Dungeon |   2929 |   2884 |     45 |    932 |   1600 |   3 |  976.3 |
               +--------+--------+--------+--------+--------+-----+--------+

Top non-repeatable levels by time:
     D:1: 1485 daAuts
     D:2: 1428 daAuts
     D:3: 14 daAuts
